 Seeded DCSS version 0.29.1 (webtiles) character file.

Game seed: 16325529221887501656 (custom seed)

286 GigaChad the Covered (level 6, -1/53 HPs)
             Began as a Minotaur Fighter on Sept 14, 2022.
             Was an Initiate of Ashenzari.
             Slain by a +1 vorpal rapier (5 damage)
             ... created by the rancor of the Wu Jian Council
             ... on level 4 of the Dungeon.
             The game lasted 00:12:15 (3773 turns).

GigaChad the Covered (Minotaur Fighter)             Turns: 3773, Time: 00:12:15

Health: -1/53      AC:  9    Str: 23    XL:     6   Next: 8%
Magic:  5/5        EV:  8    Int:  5    God:    Ashenzari [......]
Gold:   180        SH:  5    Dex:  9    Spells: 5/5 levels left

rFire   . . .      SeeInvis .   a - +1 long sword
rCold   . . .      Faith    .   c - +1 buckler
rNeg    . . .      Spirit   .   n - +0 chain mail
rPois   .          Reflect  .   (helmet restricted)
rElec   .          Harm     .   (no cloak)
rCorr   .          Rampage  .   (no gloves)
Will    .....                   (no boots)
Stlth   ..........              (no amulet)
HPRegen 0.17/turn               (no ring)
MPRegen 0.09/turn               (no ring)

@: spiked
A: horns 2, retaliatory headbutt
a: Renounce Religion


You were on level 4 of the Dungeon.
You worshipped Ashenzari.
Ashenzari was noncommittal.
You visited 2 branches of the dungeon, and saw 5 of its levels.

You collected 180 gold pieces.

Inventory:

Hand Weapons
 a - a +1 long sword (weapon)
Armour
 b - a +0 scale mail
 c - a +1 buckler (worn)
 n - a +0 chain mail (worn)
Wands
 i - a wand of polymorph (6)
Scrolls
 k - 3 scrolls of teleportation
 o - a scroll of immolation {unknown}
 p - a scroll of identify {unknown}
 q - a scroll of vulnerability {unknown}
 r - a scroll of fear {unknown}
Potions
 d - 3 potions of might
 e - 2 potions of invisibility {unknown}
 f - a potion of haste {unknown}
 g - 3 potions of curing {unknown}
 h - a potion of lignification
 j - a potion of heal wounds {unknown}
 l - a potion of ambrosia {unknown}
 m - a potion of degeneration {unknown}


   Skills:
 + Level 4.4 Fighting
 + Level 5.1 Long Blades
 + Level 5.2 Armour
 + Level 1.5 Dodging
 + Level 0.1 Stealth
 + Level 4.6 Shields
 + Level 0.1 Unarmed Combat


You had 5 spell levels left.
You didn't know any spells.
Your spell library contained the following spells:

 Spells                   Type           Power      Damage    Failure   Level
 Beastly Appendage        Tmut           0%         N/A       99%         1
 Sandblast                Erth           0%         2d4       99%         1
 Ensorcelled Hibernation  Hex/Ice        0%         N/A       100%        2
 Passwall                 Tmut/Erth      0%         N/A       100%        2
 Poisonous Vapours        Pois/Air       0%         N/A       100%        2
 Sublimation of Blood     Necr           0%         N/A       100%        2
 Wereblood                Tmut           0%         N/A       100%        2
 Inner Flame              Hex/Fire       0%         N/A       100%        3
 Spider Form              Tmut/Pois      0%         N/A       100%        3
 Stone Arrow              Conj/Erth      0%         3d7       100%        3
 Swiftness                Air            0%         N/A       100%        3
 Petrify                  Tmut/Erth      0%         N/A       100%        4
 Fireball                 Conj/Fire      0%         3d3       100%        5
 Irradiate                Conj/Tmut      0%         3d11      100%        5


Dungeon Overview and Level Annotations

Branches:
Dungeon (4/15)             Temple (1/1) D:4

Altars:
Ashenzari
Cheibriados
Dithmenos
Elyvilon
Fedhas
Gozag
Hepliaklqana
Makhleb
Nemelex Xobeh
Okawaru
Qazlal
Ru
Sif Muna
Trog
Uskayaw
Vehumet
Wu Jian
Xom
Zin
The Shining One


Innate Abilities, Weirdness & Mutations

You have a pair of horns on your head.
You reflexively headbutt those who attack you in melee.


Message History

You feel sick.
You are no longer poisoned.
The ogre hits you with a +0 giant club.
* * * LOW HITPOINT WARNING * * *
You hit the ogre.
The ogre is almost dead.
The ogre barely misses you.
Sifu Yunchang says: Die by a thousand cuts! 5 dancing weapons come into view.
There is a +0 rapier of speed.
There is a +4 rapier of freezing.
There is a +1 vorpal rapier.
There is a +4 dire flail of flaming.
There is a +0 broad axe of electrocution.
The barbs in your skin will harm you if you move.
Continue? [Y]es or [N]o only, please.
The barbs in your skin will harm you if you move.
Continue?
Okay, then.
There are monsters nearby!
Aiming: Polymorph
Press: ? - help, Shift-Dir - straight line, f - ogre
Aim: an ogre, wielding a +0 giant club (almost dead, will become a human, a naga, or a howler monkey, chance to affect: 49%)
The ogre resists with some effort.
The ogre misses you.
Unknown command.
The barbs in your skin will harm you if you move.
Continue? [Y]es or [N]o only, please.
The barbs in your skin will harm you if you move.
Continue?
The barbed spikes dig painfully into your body as you move.
You barely miss the +1 vorpal rapier.
Your headbutt misses the +1 vorpal rapier.
The +4 rapier of freezing hits you.
* * * LOW HITPOINT WARNING * * *
The +4 rapier of freezing freezes you.
* * * LOW HITPOINT WARNING * * *
You block the +1 vorpal rapier's attack.
The +4 rapier of freezing hits you but does no damage.
The +1 vorpal rapier hits you.
* * * LOW HITPOINT WARNING * * *
x2 You hit the ogre.
The ogre is almost dead.
The ogre barely misses you.
The +4 rapier of freezing hits you but does no damage.
The +1 vorpal rapier hits you.
You die... ## .. ... #..# ## #.. .$# . ##..
Kw?

..# ##...#.S #..#
# ##.. #.####...#
#.###(..#.#KO@(.#
.... #/##((####
..#.#)..(.#####
#.##.........##
#$#...........?.
###..##...###.##
#.....###...# #
#####>###..##
##...#.####.#


You could see an ogre, 4 dancing weapons and a kobold.

Vanquished Creatures
  A scorpion (D:3)
  An iguana (D:4)
  Natasha (thrice) (D:3)
  4 adders
  A worm (D:3)
  3 dart slugs
  7 orcs
  10 ball pythons
  8 bats
  3 endoplasms
  7 giant cockroaches
  8 goblins
  7 hobgoblins
  A quokka (D:1)
  6 frilled lizards (D:1)
  3 kobolds
  5 rats
78 creatures vanquished.

Vanquished Creatures (others)
  A plant (D:1)
1 creature vanquished.

Grand Total: 79 creatures vanquished

Notes
Turn   | Place    | Note
-------+----------+-------------------------------------------
     0 | D:1      | GigaChad the Minotaur Fighter began the quest for the Orb.
     0 | D:1      | Reached XP level 1. HP: 19/19 MP: 0/0
   162 | D:1      | Reached XP level 2. HP: 21/27 MP: 1/1
   977 | D:2      | Found a faded altar of an unknown god.
   992 | D:2      | Prayed at the altar of an unknown god.
   992 | D:2      | Became a worshipper of the Wu Jian Council
   992 | D:2      | Reached * piety under Wu Jian
  1052 | D:2      | Reached XP level 3. HP: 33/33 MP: 2/2
  1064 | D:2      | Found a shimmering altar of Xom.
  1370 | D:2      | Reached skill level 1 in Dodging
  1514 | D:2      | Got the Treatise on Putrid Incandescence
  1584 | D:3      | Reached ** piety under Wu Jian
  1596 | D:3      | Reached XP level 4. HP: 40/40 MP: 3/3
  1721 | D:3      | Noticed Natasha
  1732 | D:3      | Killed Natasha
  1844 | D:3      | Noticed Natasha
  1856 | D:3      | Killed Natasha
  2082 | D:3      | Reached XP level 5. HP: 46/46 MP: 4/4
  2352 | D:3      | Found a sacrificial altar of Ru.
  2365 | D:3      | Found a shimmering altar of Xom.
  2368 | D:3      | Noticed Natasha
  2379 | D:3      | Killed Natasha
  2995 | D:4      | Reached skill level 5 in Long Blades
  3153 | D:4      | Found a staircase to the Ecumenical Temple.
  3173 | D:4      | Reached skill level 5 in Armour
  3185 | D:4      | Reached XP level 6. HP: 16/53 MP: 5/5
  3192 | Temple   | Entered the Ecumenical Temple
  3591 | Temple   | Fell from the grace of Wu Jian
  3591 | Temple   | Became a worshipper of Ashenzari the Shackled
  3770 | D:4      | Noticed a +0 rapier of speed
  3770 | D:4      | Noticed a +4 rapier of freezing
  3770 | D:4      | Noticed a +1 vorpal rapier
  3770 | D:4      | Noticed a +4 dire flail of flaming
  3770 | D:4      | Noticed a +0 broad axe of electrocution
  3773 | D:4      | Slain by a +1 vorpal rapier

Illustrated notes

Levels and vault maps discovered:
D:1:      eino_arrival_water_cross, layout_loops_cross, chequers_mini_garden,
          columned_hall_lemuel, minmay_pentomino_p2
D:2:      layout_rooms, basic_altar, serial_glass, glass_columns_a,
          glass_columns_b, glass_columns_a, glass_columns_b, glass_columns_a,
          glass_columns_a, glass_columns_b, glass_columns_a, feat_on_display,
          basic_ecumenical_altar
D:3:      layout_basic, mainiacjoe_overflow_catwalk_spiral, uniq_natasha
D:4:      layout_loops_corners, minmay_temple_entry_mini_moons, minmay_vboxes
Temple:   dpeg_five_rooms_temple

Skill      XL: |  1  2  3  4  5 |
---------------+----------------+-----
Fighting       | 4 |  4.4
Armour         | 4 5 |  5.2
Shields        | 4 |  4.6
Long Blades    | 3 4 5 |  5.1
Dodging        | 1 |  1.5
Stealth        | |  0.1
Unarmed Combat | |  0.1

Action                   |  1- 3 |  4- 6 || total
-------------------------+-------+-------++-------
Melee: Long sword        |    75 |    98 ||   173
       Headbutt          |    13 |    14 ||    27
       Unarmed           |       |     4 ||     4
Invok: Whirlwind         |     9 |    13 ||    22
       Lunge             |     3 |     6 ||     9
Evoke: Wand              |       |     1 ||     1
  Use: Scroll            |     4 |     1 ||     5
       Potion            |       |     2 ||     2
Armor: Scale mail        |    43 |       ||    43
       Chain mail        |       |    41 ||    41
       Skin              |       |     8 ||     8
Dodge: Dodged            |    62 |    41 ||   103
Block: Buckler           |    32 |    20 ||    52
